 Dungeon Crawl Stone Soup version 0.22-a0-352-gc608dd7 (webtiles) character file.

7484 Amnesiac the Thaumaturge (level 10, -1/63 HPs)
             Began as a Mummy Earth Elementalist on Apr 14, 2018.
             Was an Initiate of Gozag.
             Slain by Erica
             ... wielding a +2 scimitar of flaming
              (5 damage)
             ... on level 9 of the Dungeon.
             The game lasted 00:16:40 (10789 turns).

Amnesiac the Thaumaturge (MuEE)                    Turns: 10789, Time: 00:16:41

Health: -1/63      AC:  4    Str: 13    XL:     10   Next: 94%
Magic:  20/25      EV: 12    Int: 17    God:    Gozag
Gold:   1357       SH:  0    Dex: 12    Spells: 9/32 levels left

rFire    . . .     SeeInvis .   a - +2 dagger (venom)
rCold    + + .     Gourm    .   (no shield)
rNeg     + + +     Faith    .   c - +0 robe
rPois    ∞         Spirit   .   (no helmet)
rElec    .         Reflect  .   u - +0 cloak
rCorr    .         Harm     .   p - +0 pair of gloves
MR       +....                  (no boots)
Stlth    ++........             (no amulet)
HPRegen  0.20/turn              r - ring of protection from cold
MPRegen  0.19/turn              w - ring of protection from fire

@: gold aura
A: no food or potions, fire vulnerability, cold resistance 1, negative energy
resistance 3, torment resistance, unbreathing
a: Potion Petition, Call Merchant, Bribe Branch, Renounce Religion


You were on level 9 of the Dungeon.
You worshipped Gozag.
Gozag was most pleased with you.
You were not hungry.

You visited 1 branch of the dungeon, and saw 9 of its levels.

You collected 1404 gold pieces.
You paid 47 gold pieces to Gozag.

Inventory:

Hand Weapons
 a - a +2 dagger of venom (weapon)
Missiles
 s - 14 stones (quivered)
 t - 2 throwing nets
Armour
 c - a +0 robe (worn)
 p - a +0 pair of gloves (worn)
 u - a +0 cloak (worn)
 x - a +0 buckler
Jewellery
 f - a +4 ring of strength
 g - an uncursed ring of magical power
 r - a ring of protection from cold (left hand)
 w - a ring of protection from fire (right hand)
Wands
 i - a wand of iceblast (7)
 n - a wand of flame (52)
 v - a wand of disintegration (14)
Scrolls
 b - 2 scrolls of amnesia {!r, unknown}
 d - 4 scrolls of fear {!r, unknown}
 e - 2 scrolls of blinking {!r, unknown}
 h - 4 scrolls of teleportation {!r, unknown}
 j - 6 scrolls of identify {!r, unknown}
 k - 3 scrolls of enchant armour {!r, unknown}
 l - 7 scrolls of remove curse {!r, unknown}
 m - 2 scrolls of immolation {!r, unknown}
 o - a scroll of brand weapon {!r, unknown}
 q - a scroll of magic mapping {!r, unknown}


   Skills:
 - Level 1.0 Short Blades
 - Level 1.5 Dodging
 - Level 3.0 Stealth
 + Level 11.5 Spellcasting
 - Level 1.5 Transmutations
 * Level 11.4 Earth Magic


You had 9 spell levels left.
You knew the following spells:

 Your Spells              Type           Power        Failure   Level  Hunger
a - Sandblast             Erth           #####.       1%          1    N/A
b - Passwall              Tmut/Erth      ####......   1%          2    N/A
c - Stone Arrow           Conj/Erth      ####..       1%          3    N/A
d - Lee's Rapid Deconstr  Erth           #####.....   1%          5    N/A
e - Petrify               Tmut/Erth      ####....     4%          4    N/A
f - Mephitic Cloud        Conj/Pois/Air  #.......     22%         3    N/A
g - Poisonous Vapours     Pois/Air       #.....       11%         2    N/A
s - Conjure Flame         Conj/Fire      #.......     22%         3    N/A

Dungeon Overview and Level Annotations

Branches:
Dungeon (9/15)             Temple (0/1) D:6            Lair (0/6) D:8
    Orc: D:9-12

Altars:
Fedhas
Gozag
Hepliaklqana
Kikubaaqudgha
Makhleb
Nemelex Xobeh
Okawaru
Ru
Sif Muna
Uskayaw
Vehumet
Wu Jian
Xom
Yredelemnul

Annotations:
D:9 Erica


Innate Abilities, Weirdness & Mutations

You do not eat or drink.
Your flesh is vulnerable to fire.
You are immune to poison.
Your flesh is cold resistant. (rC+)
You are immune to negative energy. (rN+++)
You are immune to unholy pain and torment.
You can survive without breathing.


Message History

Press: ? - help, Shift-Dir - straight line, f/p - Erica
Aim: Erica, wielding a scimitar of flaming and wearing a runed robe (chance to defeat MR: 26%) Erica easily resists.
Unknown command.
Casting: Petrify (safe; 4% risk of failure)
Confirm with . or Enter, or press ? or * to list all spells.
Aiming: Petrify (safe; 4% risk of failure)
Press: ? - help, Shift-Dir - straight line, f/p - Erica
Aim: Erica, wielding a scimitar of flaming and wearing a runed robe (chance to defeat MR: 26%) Erica is moving more slowly.
Erica hits you with a scimitar of flaming!
Erica burns you.
Unknown command.
You catch the helpless Erica completely off-guard!
You puncture Erica!
Erica is lightly wounded.
Erica hits you with a scimitar of flaming!
Erica burns you.
You hit Erica.
Erica is poisoned.
Erica is lightly wounded.
Erica gestures wildly while chanting.
Erica flickers and vanishes!
Deactivating autopickup; reactivate with Ctrl-A.
You barely miss something.
The kobold throws a stone.
You hit something.
The kobold throws a stone.
You hit something.
Put on which piece of jewellery? (? for menu, Esc to quit)
You're wearing all the rings you can.
Remove which one? (? for menu, Esc to cancel) < or
f - a +4 ring of strength; > or
g - a ring of magical power You remove your ring of magical power.
You feel your magic capacity decrease.
w - a ring of protection from fire (right hand) Put on which piece of jewellery? (? for menu, Esc to quit)
You're wearing all the rings you can.
Remove which one? (? for menu, Esc to cancel) < or
f - a +4 ring of strength; > or
w - a ring of protection from fire You remove your +4 ring of strength.
You feel weaker.
r - a ring of protection from cold (left hand)
You hit something but do no damage.
The kobold throws a stone.
You barely miss something. You hit something.
The kobold throws a stone.
You hit something. You hit something.
The kobold throws a stone.
The stone barely misses you. Something hits you! Something burns you.
* * * LOW HITPOINT WARNING * * *
You hit something but do no damage. Something hits you!
* * * LOW HITPOINT WARNING * * *
Something burns you.
* * * LOW HITPOINT WARNING * * *
Casting: Petrify (safe; 4% risk of failure)
Confirm with . or Enter, or press ? or * to list all spells.
Aiming: Lee's Rapid Deconstruction (safe; 1% risk of failure)
Press: ? - help, Dir - move target cursor The wall shatters!
The blast of rock fragments hits something.
The blast of rock fragments hits the kobold.
You kill the kobold!
You hear a shout! x2
Something hits you!
* * * LOW HITPOINT WARNING * * *
Something burns you.
You die...
Your body crumbles into a pile of gold.

#.........###
#...........###
#.......$......
#..........#
.....#$##...# $
... #.## #...#
. #.(# #.. ##.#
. #@# #{#
##$#####..
#.........
#(.$.###.###
#.$#.# #...$..
....$... .....
...#


There were no monsters in sight!

Vanquished Creatures
  2 two-headed ogres (D:8)
  Pikel (D:5)
  Maurice (D:8)
  A hippogriff (D:7)
  6 yaks (D:8)
  Eustachio (D:4)
  Menkaure (D:5)
  Edmund (D:6)
  2 soldier ants (D:8)
  4 slaves (D:5)
  3 sky beasts
  An orc warrior (D:8)
  2 ice beasts
  A hornet zombie (D:7)
  5 ogres
  A necrophage (D:7)
  2 big kobolds
  4 bullfrogs
  5 scorpions
  3 killer bees (D:7)
  5 wights (D:7)
  2 electric eels (D:4)
  A howler monkey (D:4)
  8 crimson imps
  A jelly (D:5)
  A centaur zombie (D:9)
  3 hounds
  2 bullfrog zombies
  A quasit (D:7)
  4 orc priests
  A centaur skeleton (D:5)
  5 orc wizards
  4 bullfrog skeletons
  Jessica (D:7)
  3 iguanas
  Natasha (thrice) (D:3)
  8 worker ants
  A worker ant zombie (D:8)
  A gnoll (D:1)
  11 adders
  2 oozes
  3 adder skeletons
  6 worms
  4 dart slugs
  4 leopard geckos
  26 orcs
  13 bats
  5 giant cockroaches
  8 hobgoblins
  6 jackals
  7 quokkas
  2 ball pythons
  7 frilled lizards
  A giant cockroach zombie (D:5)
  11 goblins
  13 kobolds
  A quokka skeleton (D:7)
  9 rats
241 creatures vanquished.

Notes
Turn   | Place    | Note
-------+----------+-------------------------------------------
     0 | D:1      | Amnesiac the Mummy Earth Elementalist began the quest for the Orb.
     0 | D:1      | Reached XP level 1. HP: 13/13 MP: 4/4
   100 | D:1      | Reached XP level 2. HP: 8/19 MP: 0/5
   104 | D:1      | Learned a level 2 spell: Passwall
   416 | D:1      | Reached XP level 3. HP: 17/24 MP: 0/7
  1504 | D:2      | Learned a level 3 spell: Stone Arrow
  1734 | D:2      | Reached XP level 4. HP: 27/30 MP: 8/8
  1813 | D:2      | Reached skill level 1 in Short Blades
  1903 | D:2      | Reached skill level 1 in Transmutations
  2434 | D:3      | Found a faded altar of an unknown god.
  3123 | D:3      | Reached XP level 5. HP: 27/35 MP: 9/9
  3129 | D:3      | Learned a level 4 spell: Petrify
  3211 | D:3      | Found an ornate altar of the Wu Jian Council.
  3485 | D:3      | Noticed Natasha
  3490 | D:3      | Killed Natasha
  3931 | D:4      | Reached XP level 6. HP: 38/41 MP: 5/12
  4007 | D:4      | Noticed Eustachio
  4155 | D:4      | Killed Eustachio
  4251 | D:4      | Reached skill level 5 in Spellcasting
  4251 | D:4      | Reached skill level 5 in Earth Magic
  4251 | D:4      | Reached XP level 7. HP: 14/46 MP: 14/14
  4591 | D:4      | Found a sparkling altar of Nemelex Xobeh.
  4591 | D:4      | Found an opulent altar of Gozag.
  4594 | D:4      | Became a worshipper of Gozag Ym Sagoz the Greedy
  4657 | D:4      | Found a transporter.
  4676 | D:4      | Found a transporter.
  4811 | D:4      | Found a hide-covered altar of Uskayaw.
  4827 | D:4      | Learned a level 5 spell: Lee's Rapid Deconstruction
  5047 | D:3      | Noticed Natasha
  5050 | D:3      | Killed Natasha
  5135 | D:3      | Noticed Natasha
  5138 | D:3      | Killed Natasha
  5176 | D:5      | Entered Level 5 of the Dungeon
  5410 | D:5      | Found an ancient bone altar of Kikubaaqudgha.
  5423 | D:5      | Reached XP level 8. HP: 15/52 MP: 17/17
  5746 | D:5      | Found a radiant altar of Vehumet.
  5746 | D:5      | Found a basalt altar of Yredelemnul.
  5777 | D:5      | Noticed Menkaure
  5780 | D:5      | Killed Menkaure
  5791 | D:5      | Found an iron altar of Okawaru.
  5791 | D:5      | Found a hazy altar of Hepliaklqana.
  6182 | D:5      | Noticed Pikel
  6201 | D:5      | Killed Pikel
  6528 | D:5      | Found a burning altar of Makhleb.
  6529 | D:5      | Found a shimmering altar of Xom.
  6740 | D:6      | Reached XP level 9. HP: 38/57 MP: 21/21
  6946 | D:6      | Noticed Edmund
  6964 | D:6      | Killed Edmund
  7307 | D:6      | Found a staircase to the Ecumenical Temple.
  7448 | D:6      | Found a sacrificial altar of Ru.
  7866 | D:7      | Noticed Jessica
  7872 | D:7      | Killed Jessica
  7876 | D:7      | Found a deep blue altar of Sif Muna.
  8084 | D:7      | Found a shimmering altar of Xom.
  8313 | D:7      | Found a blossoming altar of Fedhas.
  8756 | D:8      | Noticed a two-headed ogre
  8779 | D:8      | Killed a two-headed ogre
  8779 | D:8      | Reached skill level 10 in Spellcasting
  8779 | D:8      | Reached skill level 10 in Earth Magic
  8779 | D:8      | Reached XP level 10. HP: 38/63 MP: 24/24
  9055 | D:8      | Found a staircase to the Lair.
  9070 | D:8      | Noticed Maurice
  9094 | D:8      | Killed Maurice
  9242 | D:8      | Noticed a two-headed ogre
  9555 | D:8      | Killed a two-headed ogre
 10331 | D:8      | Learned a level 3 spell: Conjure Flame
 10335 | D:8      | Learned a level 3 spell: Mephitic Cloud
 10338 | D:8      | Learned a level 2 spell: Poisonous Vapours
 10551 | D:9      | Noticed Erica
 10789 | D:9      | Slain by Erica

Vault maps used:
D:1:      minmay_arrival_loop
D:3:      nicolae_overflow_crystal_walls, first_ration,
          chequers_ecumenical_altar_lobes, uniq_natasha
D:4:      gammafunk_steamed_eel, grunt_temple_overflow_opulence,
          eat_drink_and_be_merry_uskayaw, uniq_eustachio
D:5:      grunt_temple_overflow_champion_of_chaos,
          chequers_temple_overflow_statue_of_worship, old_standard_altar,
          uniq_pikel, uniq_menkaure
D:6:      lemuel_doored_altar, lemuel_temple_firewalk_b,
          corexii_leaking_fountain, grunt_ministairs_14,
          minmay_misc_feat_diagonals, uniq_edmund
D:7:      tgw_sif, basic_altar, fedhas_altar_3
D:8:      lair_entry_dummy, hangedman_pestilent_swarm, uniq_maurice
D:9:      david_orc_3, serial_shops, shop, uniq_prince_ribbit1, uniq_erica

Skill      XL: |  1  2  3  4  5  6  7  8  9 10 |
---------------+-------------------------------+-----
Earth Magic    | 3 4 5 6 8 10 11 | 11.4
Spellcasting   | 3 4 5 6 8 10 11 | 11.5
Stealth        | 2 3 |  3.0
Short Blades   | 1 |  1.0
Transmutations | 1 |  1.5
Dodging        | |  1.5

Action                   |  1- 3 |  4- 6 |  7- 9 | 10-12 || total
-------------------------+-------+-------+-------+-------++-------
Melee: Unarmed           |    42 |       |       |       ||    42
       Dagger            |    74 |   206 |   193 |   114 ||   587
 Cast: Sandblast         |    40 |    29 |    97 |    16 ||   182
       Petrify           |       |     6 |    25 |    17 ||    48
       Passwall          |       |     1 |     2 |     1 ||     4
       Lee's Rapid Decon |       |       |    23 |    33 ||    56
 Stab: Sleeping          |     2 |     5 |     5 |     2 ||    14
       Petrified         |       |    18 |    50 |    20 ||    88
       Petrifying        |       |       |       |     4 ||     4
Armor: Robe              |    36 |    27 |    30 |    17 ||   110
Dodge: Dodged            |   139 |   146 |   111 |    71 ||   467

Table legend:
 A = Spawn XP
 B = Non-spawn XP
 C = Spawn XP percentage of total XP
 D = Spawn monster count
 E = Non-spawn monster count
 F = Spawn count percentage of total count
 G = Total turns spent on level
                    A         B        C        D         E        F      G
               +---------+---------+-------+---------+---------+-------+---------
         Total |       0 |   10692 |   0.0 |       0 |     237 |   0.0 | 10789
               +---------+---------+-------+---------+---------+-------+---------
           D:1 |       0 |      52 |   0.0 |       0 |      20 |   0.0 |  1039
           D:2 |       0 |      86 |   0.0 |       0 |      24 |   0.0 |  1060
           D:3 |       0 |     191 |   0.0 |       0 |      34 |   0.0 |  1945
           D:4 |       0 |     793 |   0.0 |       0 |      27 |   0.0 |  1296
           D:5 |       0 |    1657 |   0.0 |       0 |      31 |   0.0 |  1360
           D:6 |       0 |     867 |   0.0 |       0 |      22 |   0.0 |  1034
           D:7 |       0 |    1452 |   0.0 |       0 |      22 |   0.0 |  1191
           D:8 |       0 |    5028 |   0.0 |       0 |      43 |   0.0 |  1652
           D:9 |       0 |     566 |   0.0 |       0 |      14 |   0.0 |   212
               +---------+---------+-------+---------+---------+-------+---------
